 Dungeon Crawl Stone Soup version 0.30-a0-626-gd6a5dd7a1f (webtiles) character file.

Game seed: 4655595602886272230

67 acebull12 the Sneak (level 4, -1/21 HPs)
             Began as a Spriggan Venom Mage on Jan 11, 2023.
             Slain by an orc
             ... wielding a +0 club
              (2 damage)
             ... on level 3 of the Dungeon.
             The game lasted 00:05:15 (2848 turns).

acebull12 the Sneak (Spriggan Venom Mage)           Turns: 2848, Time: 00:05:16

Health: -1/21      AC:  2    Str:  4    XL:     4   Next: 0%
Magic:  8/10       EV: 17    Int: 16    God:
Gold:   118        SH:  0    Dex: 17    Spells: 8/9 levels left

rFire   . . .      SeeInvis +    j - +0 dagger
rCold   . . .      Faith    .    t - orb {mayhem}
rNeg    . . .      Spirit   .    a - +0 robe
rPois   .          Reflect  .    (helmet restricted)
rElec   .          Harm     .    (no cloak)
rCorr   .          Rampage  .    (gloves unavailable)
Will    .....                    (boots unavailable)
Stlth   +++                      (no amulet)
HPRegen 0.23/turn                (no ring)
MPRegen 0.12/turn                (no ring)

@: very quick
A: very small, no large weapons, unfitting armour, see invisible, speed 3
a: no special abilities


You were on level 3 of the Dungeon.
You visited 1 branch of the dungeon, and saw 3 of its levels.

You collected 118 gold pieces.

Inventory:

Hand Weapons
 j - a +0 dagger (weapon)
Missiles
 c - 50 stones
 d - 4 poisoned darts
Armour
 a - a +0 robe (worn)
 t - an orb of mayhem (worn)
Jewellery
 n - a ring of magical power
Scrolls
 e - 5 scrolls of identify {unknown}
 f - a scroll of acquirement {unknown}
 i - a scroll of teleportation {unknown}
 k - a scroll of torment {unknown}
 l - a scroll of immolation
 m - a scroll of fear {unknown}
 o - a scroll of silence {unknown}
 p - a scroll of vulnerability {unknown}
 q - 2 scrolls of magic mapping {unknown}
 w - a scroll of summoning {unknown}
Potions
 b - a potion of magic
 g - a potion of degeneration {unknown}
 h - 2 potions of curing {unknown}
 r - 3 potions of heal wounds {unknown}
 s - a potion of ambrosia {unknown}
 u - a potion of attraction {unknown}
 v - a potion of brilliance {unknown}


   Skills:
 + Level 0.1 Short Blades
 + Level 2.8 Dodging
 * Level 4.0 Stealth
 + Level 3.3 Spellcasting
 + Level 2.3 Transmutations
 + Level 3.8 Poison Magic


You had 8 spell levels left.
You knew the following spells:

 Your Spells              Type           Power      Damage    Failure   Level
a - Sting                 Tmut/Pois      48%        1d5       4%          1

Your spell library contained the following spells:

 Spells                   Type           Power      Damage    Failure   Level
 Poisonous Vapours        Pois/Air       16%        N/A       12%         2
 Spider Form              Tmut/Pois      12%        N/A       16%         3
 Magic Dart               Conj           8%         1d3       19%         1
 Ensorcelled Hibernation  Hex/Ice        4%         N/A       26%         2
 Searing Ray              Conj           4%         2d4       26%         2
 Mephitic Cloud           Conj/Pois/Air  6%         N/A       32%         3
 Olgreb's Toxic Radiance  Pois           14%        N/A       36%         4
 Anguish                  Hex/Necr       1%         N/A       87%         4
 Fulminant Prism          Conj/Hex       1%         3d5       87%         4


Dungeon Overview and Level Annotations

Branches:
Dungeon (3/15)

Altars:
Makhleb
Trog
Xom

Annotations:
D:3 1 runed translucent door, Crazy Yiuf


Innate Abilities, Weirdness & Mutations

You are very small and have problems with some larger weapons.
You are too small for most types of armour.
You have supernaturally acute eyesight. (SInv)
You cover ground extremely quickly. (Speed+++)


Message History

There is a fountain of clear blue water here.
There is a fountain of sparkling water here.
There is an open door here.
An orc and an orc wizard come into view.
The orc shouts!
An orc priest comes into view. It is wielding a +0 vampiric war axe.
The orc wizard shouts!
Casting: Sting (safe; 4% risk of failure)
Confirm with . or Enter, or press ? or * to list all spells.
Aiming: Sting (safe; 4% risk of failure)
Press: ? - help, Shift-Dir - straight line, f - orc
Aim: an orc, wielding a +0 club (71% to hit)
The sting misses the orc.
The orc priest shouts!
The orc wizard points at you and mumbles some strange words.
The magic dart hits you.
Casting: Sting (safe; 4% risk of failure)
Confirm with . or Enter, or press ? or * to list all spells.
Aiming: Sting (safe; 4% risk of failure)
Press: ? - help, Shift-Dir - straight line, f/p - orc
Aim: an orc, wielding a +0 club (71% to hit)
The sting misses the orc.
You hit the orc.
The orc is heavily wounded.
The orc priest looks encouraged for a moment.
The orc misses you.
You hit the orc.
The orc is heavily wounded.
The orc priest mumbles some strange prayers to Beogh against you.
Beogh smites you!
Ouch! That really hurt!
* * * LOW HITPOINT WARNING * * *
The orc hits you with a +0 club.
* * * LOW HITPOINT WARNING * * *
The orc wizard gestures wildly while chanting.
The orc wizard flickers and vanishes for a moment.
You closely miss the orc.
The orc is heavily wounded.
The orc hits you with a +0 club.
You die...

.# #........#####.. .#
####.......)# ###. )##
#...........# #.## ..#
###.########### #.## ..#
#....# #..# ..# #.#.##
#### ##.# ### #.### ....#
#.# ######.####o....# #.#
#........@oo....# #.#
####.#.####.....# ####.#
#......# ....# ##.....
#.##.#.#### #### #......
#.##......##### #..##.#
#.##..........# #..#..#
#.##....#.###.# #..#.##
#.##....#.###.## #......
#......##.##...#####......


You could see an orc priest, an orc wizard (invisible) and an orc.

Vanquished Creatures
  An adder (D:2)
  A gnoll (D:1)
  A worm (D:2)
  A dart slug (D:1)
  6 ball pythons
  A bat (D:3)
  6 endoplasms
  A giant cockroach (D:2)
  5 goblins
  3 hobgoblins
  3 jackals (D:1)
  2 frilled lizards (D:2)
  5 kobolds
  3 rats
39 creatures vanquished.

Vanquished Creatures (others)
  9 toadstools (D:3)
9 creatures vanquished.

Grand Total: 48 creatures vanquished

Notes
Turn   | Place    | Note
-------+----------+-------------------------------------------
     0 | D:1      | acebull12 the Spriggan Venom Mage began the quest for the
                  | Orb.
     0 | D:1      | Reached XP level 1. HP: 9/9 MP: 5/5
   374 | D:1      | Reached XP level 2. HP: 13/13 MP: 1/6
  1188 | D:2      | Found a faded altar of an unknown god.
  1198 | D:2      | Reached XP level 3. HP: 15/16 MP: 5/8
  2319 | D:3      | Found a burning altar of Makhleb.
  2336 | D:3      | Reached skill level 4 in Stealth
  2406 | D:3      | Found a runed translucent door.
  2407 | D:3      | Noticed Crazy Yiuf
  2807 | D:3      | Found a shimmering altar of Xom.
  2807 | D:3      | Found a bloodstained altar of Trog.
  2811 | D:3      | Reached XP level 4. HP: 21/21 MP: 10/10
  2847 | D:3      | HP: 1/21 [orc/+0 club (4)]
  2848 | D:3      | Slain by an orc

Illustrated notes

Levels and vault maps discovered:
D:1:      roderic_chinese_lattice_arrival, layout_basic
D:2:      layout_basic, serial_glass, glass_columns_a, glass_columns_b,
          glass_columns_a, item_on_display_a, hellmonk_ecumenical_altar_blasted,
          wander_ebering_terrifying_dragon_lair
D:3:      cheibrodos_fertilizer, layout_loops_cross, vehumet_statue,
          lemuel_crystal_altar, gammafunk_temple_overflow_pools,
          chequers_arboretum, corexii_shack, uniq_crazy_yiuf_cottage

Skill      XL: |  1  2  3 |
---------------+----------+-----
Transmutations | 2 |  2.3
Spellcasting   | 3 |  3.3
Stealth        | 4 |  4.0
Short Blades   | |  0.1
Dodging        | |  2.8
Poison Magic   | |  3.8

Action                   |  1- 3 |  4- 6 || total
-------------------------+-------+-------++-------
Melee: Unarmed           |     5 |       ||     5
       Punch             |     1 |       ||     1
       Dagger            |    24 |     3 ||    27
 Cast: Sting             |    63 |     2 ||    65
 Stab: Sleeping          |     6 |       ||     6
Armor: Robe              |     4 |       ||     4
Dodge: Dodged            |    25 |     1 ||    26

Table legend: (Time is in decaauts)
 A = Elapsed time spent in this place.
 B = Non-inter-level travel time spent in this place.
 C = Inter-level travel time spent in this place.
 D = Time resting spent in this place.
 E = Time spent auto-exploring this place.
 F = Levels seen in this place.
 G = Mean time per level.
                   A        B        C        D        E       F      G
               +--------+--------+--------+--------+--------+-----+--------+
         Total |   1977 |   1759 |    218 |     30 |   1386 |   3 |  659.0 |
       Dungeon |   1977 |   1759 |    218 |     30 |   1386 |   3 |  659.0 |
               +--------+--------+--------+--------+--------+-----+--------+

Top non-repeatable levels by time:
     D:1: 816 daAuts
     D:2: 756 daAuts
     D:3: 405 daAuts
